 Dungeon Crawl Stone Soup version 0.30-a0-424-g7412bad402 (webtiles) character file.

Game seed: 3999183108220643276

68 IdlyInterested the Trooper (level 4, 0/38 HPs)
             Began as a Demonspawn Wanderer on Dec 9, 2022.
             Slain by Sigmund
             ... wielding a +0 scythe
              (9 damage)
             ... on level 2 of the Dungeon.
             The game lasted 00:05:03 (1760 turns).

IdlyInterested the Trooper (Demonspawn Wanderer)    Turns: 1760, Time: 00:05:03

Health: 0/38       AC:  4    Str: 17    XL:     4   Next: 1%
Magic:  5/5        EV: 11    Int: 12    God:
Gold:   71         SH:  0    Dex: 11    Spells: 4/5 levels left

rFire   . . .      SeeInvis .    i - +0 hand axe
rCold   . . .      Faith    .    (no shield)
rNeg    . . .      Spirit   .    d - +0 leather armour
rPois   .          Reflect  .    (no helmet)
rElec   .          Harm     .    (no cloak)
rCorr   .          Rampage  .    (no gloves)
Will    +....                    (no boots)
Stlth   +.........               (no amulet)
HPRegen 0.26/turn                m - ring of willpower
MPRegen 0.09/turn                (no ring)

@: no status effects
A: claws 1, rugged brown scales 1
a: no special abilities


You were on level 2 of the Dungeon.
You visited 1 branch of the dungeon, and saw 2 of its levels.

You collected 71 gold pieces.

Inventory:

Hand Weapons
 a - a +0 club
 f - a +0 dagger
 h - a +0 short sword
 i - a +0 hand axe (weapon)
 j - the +8 sling of Giqu {antimagic, Drain +Blink rPois Stlth+}
   (You found it on level 2 of the Dungeon)

   It reduces the magical energy of the wielder, and disrupts the spells and
   magical abilities of those it strikes.
   Natural abilities and divine invocations are not affected.
   rPois:     It protects you from poison.
   +Blink:    It lets you blink.
   Drain:     It drains your maximum health when unequipped.
   Stlth:     It makes you more stealthy.
Missiles
 k - 6 javelins
Armour
 d - a +0 leather armour (worn)
Jewellery
 m - a ring of willpower (left claw)
Wands
 l - a wand of roots (4)
Scrolls
 c - a scroll of butterflies
 e - 2 scrolls of teleportation
 g - 2 scrolls of identify
 n - a scroll of brand weapon {unknown}
Miscellaneous
 b - a piece from Xom's chessboard (11/15)


   Skills:
 * Level 3.7 Fighting
 * Level 2.0 Armour
 - Level 1.0 Dodging
 - Level 1.0 Stealth
 - Level 1.0 Spellcasting
 - Level 2.0 Summonings
 - Level 3.0 Evocations


You had 4 spell levels left.
You knew the following spells:

 Your Spells              Type           Power      Damage    Failure   Level
a - Summon Small Mammal   Summ           20%        N/A       16%         1

Your spell library contained the following spells:

 Spells                   Type           Power      Damage    Failure   Level
 Animate Armour           Summ/Erth      6%         N/A       93%         4
 Summon Lightning Spire   Summ/Air       3%         N/A       93%         4


Dungeon Overview and Level Annotations

Branches:
Dungeon (2/15)

Altars:

Annotations:
D:2 Sigmund


Innate Abilities, Weirdness & Mutations

You have sharp fingernails.
You are partially covered in rugged brown scales. (AC +1, +3% HP)


Message History

You completely miss Sigmund.
You feel less confused.
The giant cockroach bites you but does no damage.
Sigmund hits you with a +0 scythe.
You make a move on Xom's chessboard...
The giant cockroach twists and deforms.
The giant cockroach bites you but does no damage.
The giant cockroach barely misses you. Sigmund barely misses you.
You hit the giant cockroach.
The giant cockroach is severely wounded.
You barely miss Sigmund. The giant cockroach closely misses you.
You hit the giant cockroach.
You kill the giant cockroach!
You hit Sigmund but do no damage. Sigmund closely misses you.
You have reached level 4!
You feel stronger.
You make a move on Xom's chessboard...
Sigmund flickers and vanishes!
Deactivating autopickup; reactivate with Ctrl-A.
Something hits you!
You can't see anything.
Try to make a move anyway?
You make a move on Xom's chessboard...
Nothing appears to happen.
Something completely misses you.
You closely miss something. Something hits you but does no damage.
You miss something. You hit something.
You hear some strange, mumbled words.
A magic dart appears from out of thin air!
The magic dart hits you!
You hear some strange, mumbled words.
A magic dart appears from out of thin air!
The magic dart hits you!
* * * LOW HITPOINT WARNING * * *
You aren't carrying any potions.
You closely miss something. Something hits you.
* * * LOW HITPOINT WARNING * * *
You can't see anything.
Try to make a move anyway?
You make a move on Xom's chessboard...
Nothing appears to happen.
You closely miss something. Something hits you.
* * * LOW HITPOINT WARNING * * *
You miss something. Something hits you!
You die...

#.........# #.........#
##.........# ##..........#
...........####
#............# .#
#..[{........# ####..#
#...@........# ......#
#............# ###....
+............# #......
#............#
........#####......).....#
..#.#....................#
### .####.#'###########
###.# #.#.# ....# #.#.#


There were no monsters in sight!

Vanquished Creatures
  2 adders (D:2)
  A worm (D:2)
  A dart slug (D:1)
  5 bats
  4 endoplasms (D:1)
  4 giant cockroaches
  4 goblins
  2 hobgoblins
  5 kobolds
  3 quokkas
  A ball python (D:1)
  5 frilled lizards
  5 rats (D:1)
42 creatures vanquished.

Notes
Turn   | Place    | Note
-------+----------+-------------------------------------------
     0 | D:1      | IdlyInterested the Demonspawn Wanderer began the quest for
                  | the Orb.
     0 | D:1      | IdlyInterested set off with the following items: a +0 club,
                  | a piece from Xom's chessboard (15/15), a scroll of
                  | butterflies, a +0 leather armour, a scroll of
                  | teleportation; and the following spell memorised: Summon
                  | Small Mammal; and the following spells available to
                  | memorise: Animate Armour, Summon Lightning Spire.
     0 | D:1      | Reached XP level 1. HP: 16/16 MP: 2/2
   261 | D:1      | Gained mutation: You are partially covered in rugged brown
                  | scales. (AC +1, +3% HP) [demonic ancestry]
   261 | D:1      | Reached XP level 2. HP: 17/23 MP: 3/3
   507 | D:1      | Reached skill level 1 in Dodging
  1090 | D:2      | Gained mutation: You have sharp fingernails. [demonic
                  | ancestry]
  1090 | D:2      | Reached XP level 3. HP: 29/29 MP: 4/4
  1111 | D:2      | Identified the +8 sling of Giqu {antimagic, Drain +Blink
                  | rPois Stlth+}
  1344 | D:2      | HP: 1/29 [adder (1)]
  1520 | D:2      | Reached skill level 1 in Stealth
  1739 | D:2      | Noticed Sigmund
  1752 | D:2      | Reached XP level 4. HP: 32/38 MP: 5/5
  1760 | D:2      | Slain by Sigmund

Illustrated notes

Levels and vault maps discovered:
D:1:      evilmike_arrival_fibonacci_small, layout_basic,
          chequers_serial_rivers_small_a
D:2:      layout_basic, uniq_sigmund

Skill      XL: |  1  2  3 |
---------------+----------+-----
Armour         | 2 |  2.0
Dodging        | 1 |  1.0
Fighting       | 3 |  3.7
Stealth        | 1 |  1.0
Spellcasting   | |  1.0
Summonings     | |  2.0
Evocations     | |  3.0

Action                   |  1- 3 |  4- 6 || total
-------------------------+-------+-------++-------
Melee: Club              |    68 |       ||    68
       Hand axe          |    93 |     6 ||    99
Evoke: Piece from Xom's  |     1 |     3 ||     4
  Use: Scroll            |     1 |       ||     1
 Stab: Sleeping          |     1 |       ||     1
Armor: Leather armour    |    57 |     1 ||    58
Dodge: Dodged            |   129 |     1 ||   130

Table legend: (Time is in decaauts)
 A = Elapsed time spent in this place.
 B = Non-inter-level travel time spent in this place.
 C = Inter-level travel time spent in this place.
 D = Time resting spent in this place.
 E = Time spent auto-exploring this place.
 F = Levels seen in this place.
 G = Mean time per level.
                   A        B        C        D        E       F      G
               +--------+--------+--------+--------+--------+-----+--------+
         Total |   1813 |   1728 |     85 |    343 |    929 |   2 |  906.5 |
       Dungeon |   1813 |   1728 |     85 |    343 |    929 |   2 |  906.5 |
               +--------+--------+--------+--------+--------+-----+--------+

Top non-repeatable levels by time:
     D:1: 1100 daAuts
     D:2: 712 daAuts
